 Dungeon Crawl Stone Soup version 0.31-a0-431-g88bdf31460 (webtiles) character file.

Game seed: 7095616049833594374

86 garrulousMonolith the Ruffian (level 4, -7/36 HPs)
             Began as a Draconian Shapeshifter on July 31, 2023.
             Mangled by a gnoll
             ... wielding a +0 halberd
              (9 damage)
             ... on level 2 of the Dungeon.
             The game lasted 00:01:35 (1685 turns).

garrulousMonolith the Ruffian (DrSh)                Turns: 1685, Time: 00:01:35

Health: -7/36      AC:  5    Str: 19    XL:     4   Next: 27%
Magic:  4/4        EV: 12    Int:  9    God:
Gold:   100        SH:  0    Dex: 11    Spells: 3/3 levels left

rFire   . .          .
                       - Unarmed
rCold   + . .        (no shield)
rNeg    . . .        (body armour unavailable)
rPois   .            (helmet currently unavailable)
rElec   .            (cloak currently unavailable)
rCorr   .            (gloves currently unavailable)
SInv    +            (boots currently unavailable)
Will    .....        (no amulet)
Stlth   +            d - ring of protection from cold
HPRegen 0.26/turn    f - ring of see invisible
MPRegen 0.09/turn

%: no passive effects
@: beast-form
A: beast (slay +2), AC +5, unfitting armour, cold-blooded
a: Begin Untransformation


You were on level 2 of the Dungeon.
You were a hulking beast.
You visited 1 branch of the dungeon, and saw 2 of its levels.

You collected 100 gold pieces.

Inventory:

Missiles
 i - 2 atropa-tipped darts
 l - 5 boomerangs
Jewellery
 d - a ring of protection from cold (left hand)
 f - a ring of see invisible (right hand)
Talismans
 b - a beast talisman (active)
Scrolls
 c - a scroll of identify
 j - a scroll of blinking {unknown}
Potions
 a - a potion of lignification
 e - a potion of enlightenment
 h - a potion of heal wounds {unknown}
 k - a potion of resistance {unknown}


   Skills:
 + Level 2.0 Fighting
 + Level 2.3 Dodging
 * Level 3.8 Unarmed Combat
 * Level 3.5 Shapeshifting


You had 3 spell levels left.
You didn't know any spells.
Your spell library was empty.

Dungeon Overview and Level Annotations

Branches:
Dungeon (2/15)

Altars:

Annotations:
D:2 1 runed translucent door, Crazy Yiuf


Innate Abilities, Weirdness & Mutations

You are a hulking beast.
Your limbs bulge with bestial killing power. (Slay +2)
Your plain brown scales are hard. (AC +5)
You cannot fit into any form of body armour.
You are cold-blooded and may be slowed by cold attacks.


Message History

The gnoll closely misses you.
Okay, then.
Okay, then.
You hit the gnoll.
You kill the gnoll!
The gnoll barely misses you.
You have reached level 4!
You feel clever.
You punch the gnoll!
The gnoll is severely wounded.
The gnoll hits you from afar with a +0 halberd.
* * * LOW HITPOINT WARNING * * *
The gnoll hits you with a +0 club.
* * * LOW HITPOINT WARNING * * *
You hit the gnoll but do no damage.
Your tail-slap misses the gnoll.
The gnoll is severely wounded.
The gnoll barely misses you. The gnoll hits you with a +0 club.
* * * LOW HITPOINT WARNING * * *
You feel better. The gnoll misses you. The gnoll hits you with a +0 club.
* * * LOW HITPOINT WARNING * * *
You hit the gnoll but do no damage. You tail-slap the gnoll.
You kill the gnoll!
The gnoll barely misses you.
Your Fighting skill increases to level 2!
The gnoll barely misses you.
Things that are here:
a +0 club; a +0 whip; a gnoll corpse You closely miss the gnoll.
You barely miss the gnoll. The gnoll hits you but does no damage.
You hit the gnoll.
The gnoll is heavily wounded.
The gnoll barely misses you.
You barely miss the gnoll.
The gnoll is moderately wounded.
The gnoll hits you with a +0 halberd.
* * * LOW HITPOINT WARNING * * *
You barely miss the gnoll.
Your tail-slap misses the gnoll.
The gnoll is moderately wounded.
The gnoll hits you with a +0 halberd!
You die...

#.#
#.#######..#
#.# #.# #..#
#.# #># #..#
#.# #.#
###..# ###.#
#.# .....#
#...# #.#
.###.# #.###
#.# .# .#
#.#
#.####g###.#
#.#
#....h.....#
#.#
######.#####
#.# .# ###
.# .# ♣♣♣♣♣
.# ..♣.♣♣♣
### .#
...♣..♣#...#
.#
..♣♣♣♣.+...#


You could see a gnoll.

Vanquished Creatures
  2 gnolls (D:2)
  2 adders (D:2)
  A worm (D:2)
  3 dart slugs
  3 ball pythons (D:1)
  5 endoplasms
  2 giant cockroaches
  8 goblins
  4 hobgoblins
  A bat (D:1)
  A frilled lizard (D:1)
  A kobold (D:2)
  6 rats
39 creatures vanquished.

Notes
Turn   | Place    | Note
-------+----------+-------------------------------------------
     0 | D:1      | garrulousMonolith the Draconian Shapeshifter began the
                  | quest for the Orb.
     0 | D:1      | Reached XP level 1. HP: 16/16 MP: 1/1
   116 | D:1      | Reached XP level 2. HP: 17/23 MP: 2/2
   289 | D:1      | Found a faded altar of an unknown god.
   799 | D:2      | Reached XP level 3. HP: 28/28 MP: 3/3
  1392 | D:2      | Found a runed translucent door.
  1393 | D:2      | Noticed Crazy Yiuf
  1676 | D:2      | Reached XP level 4. HP: 14/36 MP: 4/4
  1685 | D:2      | Mangled by a gnoll

Illustrated notes

Levels and vault maps discovered:
D:1:      minmay_arrival_five_plusses, layout_basic,
          nicolae_ecumenical_snake_handling, hex_medium,
          nicolae_concentric_dashed_squares_wild
D:2:      layout_loops_ring, minmay_misc_feat_cross, minmay_quadrilaterals,
          uniq_crazy_yiuf_cottage

Skill      XL: |  1  2  3  4 |
---------------+-------------+-----
Dodging        | 2 |  2.3
Fighting       | 2 |  2.0
Unarmed Combat | |  3.8
Shapeshifting  | |  3.5

Action                     |  1- 3 |  4- 6 || total
---------------------------+-------+-------++-------
  Melee: Unarmed           |   101 |     8 ||   109
         Tailslap          |     8 |     1 ||     9
         Punch             |     1 |       ||     1
    Use: Scroll            |     2 |       ||     2
         Potion            |     1 |     1 ||     2
   Stab: Sleeping          |     3 |       ||     3
 Armour: Skin              |    18 |     1 ||    19
  Dodge: Dodged            |    55 |     5 ||    60

Table legend: (Time is in decaauts)
 A = Elapsed time spent in this place.
 B = Non-inter-level travel time spent in this place.
 C = Inter-level travel time spent in this place.
 D = Time resting spent in this place.
 E = Time spent auto-exploring this place.
 F = Levels seen in this place.
 G = Mean time per level.
                   A        B        C        D        E       F      G
               +--------+--------+--------+--------+--------+-----+--------+
         Total |   1676 |   1646 |     30 |      0 |   1395 |   2 |  838.0 |
       Dungeon |   1676 |   1646 |     30 |      0 |   1395 |   2 |  838.0 |
               +--------+--------+--------+--------+--------+-----+--------+

Top non-repeatable levels by time:
     D:2: 902 daAuts
     D:1: 774 daAuts
